Map: Acid Plant LE

Players

Tesla

  • Race: Protoss Protoss
  • League: Platinum
  • Spawn Location: 11:00

axu - Winner!

  • Race: Protoss Protoss
  • League: Platinum
  • Spawn Location: 5:00

VOD

Have the link to the VOD?

Description

Time

  • Played on: March 27, 2018, 1:32 p.m.
  • Length: 7:48
Show
View Real Time Build Order
Export as new Build Order

Tesla Protoss 

Build Orders:  

Get SALT Encoding   

  12  0:01  Probe  
  13  0:13  Probe  
  14  0:19  Pylon  
  14  0:25  Probe  
  15  0:37  Probe (Chrono Boost)  
  15  0:38  Gateway  
  16  0:47  Assimilator  
  16  0:49  Probe (Chrono Boost)  
  17  0:54  Probe (Chrono Boost)  
  18  1:03  Probe (Chrono Boost)  
  19  1:13  Probe (Chrono Boost)  
  20  1:19  Gateway  
  20  1:26  Cybernetics Core  
  20  1:27  Pylon  
  20  1:29  Probe  
  21  1:33  Assimilator  
  21  1:52  Pylon  
  21  1:55  Probe  
  22  2:04  Warp Gate (Chrono Boost)  
  22  2:05  Stalker  
  22  2:06  Stalker  
  22  2:07  Probe  
  27  2:24  Pylon  
  27  2:25  Probe  
  28  2:35  Stalker  
  28  2:36  Stalker  
  31  2:54  Probe  
  31  2:56  Robotics Facility  
  32  3:11  Stalker  
  32  3:12  Stalker  
  36  3:21  Pylon  
  36  3:37  Probe  
  36  3:50  Probe  
  36  3:51  Stalker x2  
  41  4:01  Nexus  
  41  4:06  Probe  
  41  4:07  Observer (Chrono Boost)  
  43  4:20  Pylon  
  43  4:35  Probe  
  44  4:42  Assimilator  
  44  4:47  Assimilator  
  44  4:48  Probe  
  44  4:50  Twilight Council  
  45  5:00  Probe  
  45  5:01  Gateway  
  46  5:10  Zealot  
  49  5:16  Probe (Chrono Boost)  
  49  5:21  Charge (Chrono Boost), Probe (Chrono Boost)  
  50  5:26  Probe (Chrono Boost)  
  50  5:27  Probe (Chrono Boost)  
  52  5:31  Sentry  
  54  5:35  Probe  
  54  5:36  Probe  
  54  5:40  Gateway  
  54  5:42  Gateway  
  56  5:45  Observer (Chrono Boost)  
  57  5:50  Gateway  
  57  5:53  Probe x2  
  59  6:03  Immortal  
  63  6:05  Probe  
  63  6:06  Probe  
  65  6:12  Zealot x2  
  65  6:18  Probe (Chrono Boost)  
  71  6:21  Probe (Chrono Boost)  
  71  6:28  Probe (Chrono Boost)  
  71  6:32  Probe (Chrono Boost)  
  55  7:22  Zealot x3  
  51  7:23  Zealot x2  
Show
View Real Time Build Order
Export as new Build Order

axu Protoss - Winner!

Build Orders:  

Get SALT Encoding   

  12  0:00  Probe  
  13  0:13  Probe  
  14  0:17  Pylon  
  14  0:25  Probe  
  15  0:37  Probe  
  15  0:40  Gateway  
  16  0:49  Probe  
  17  0:51  Assimilator  
  17  1:01  Probe  
  18  1:05  Gateway  
  18  1:08  Assimilator  
  18  1:16  Probe (Chrono Boost)  
  19  1:24  Probe (Chrono Boost)  
  20  1:28  Cybernetics Core  
  20  1:30  Probe  
  21  1:50  Probe  
  22  1:57  Pylon  
  22  2:01  Warp Gate (Chrono Boost)  
  22  2:07  Probe  
  23  2:15  Adept x2  
  27  2:21  Probe  
  28  2:26  Robotics Facility  
  28  2:35  Gateway  
  28  2:37  Probe  
  29  2:49  Stalker  
  31  2:59  Pylon  
  31  3:07  Pylon  
  31  3:17  Stalker  
  31  3:19  Stalker  
  31  3:42  Immortal (Chrono Boost)  
  35  4:07  Nexus  
  35  4:10  Pylon  
  35  4:13  Stalker x2  
  39  4:21  Stalker  
  41  4:36  Immortal (Chrono Boost)  
  43  4:40  Shield Battery  
  43  4:50  Stalker  
  45  5:00  Stalker  
  47  5:10  Probe  
  48  5:16  Immortal  
  52  5:26  Stalker  
  54  5:30  Probe  
  54  5:32  Probe  
  56  5:41  Sentry  
  56  5:42  Probe  
  58  5:44  Stalker  
  58  5:45  Probe  
  61  5:52  Forge  
  61  6:03  Probe (Chrono Boost)  
  61  6:04  Probe (Chrono Boost)  
  63  6:13  Probe (Chrono Boost), Pylon  
  63  6:14  Probe (Chrono Boost)  
  63  6:18  Stalker, Probe (Chrono Boost)  
  67  6:19  Probe (Chrono Boost)  
  69  6:30  Probe  
  69  6:31  Probe  
  71  6:42  Assimilator, Probe  
  71  6:43  Probe  
  71  6:46  Assimilator  
  73  6:51  Twilight Council  
  73  6:54  Probe  
  74  6:55  Probe  
  69  7:30  Probe x2  
Tags
 
Add a new tag
Caveats
  • Supply blocks, unpowered buildings, or Contaminate may cause inaccurate times.
  • Supply counts are checked every 10 seconds.